[Event "Titled Tuesday Blitz May 9 Early 2023"]
[White "Aung Thant Zin"]
[Black "Aldokhin, Ivan"]
[WhiteFideId "13000063"]
[BlackFideId "24115720"]
[WhiteElo "2278"]
[BlackElo "2322"]
[Result "0-1"]
[Round "04"]
[TimeControl "180+2"]
[Date "2023.05.09"]
[WhiteClock "0:00:14"]
[BlackClock "0:00:13"]

1. e4 c5 2. Nf3 e6 3. d4 cxd4 4. Nxd4 a6 5. Nc3 Qc7 6. Be3 Nf6 7. Bd3 d6 8. O-O Be7 9. Qe2 b5 10. a3 Bb7 11. Kh1 Nbd7 12. f4 h5 13. f5 e5 14. Nf3 h4 15. Ng5 Nh5 16. Kg1 Nf4 17. Bxf4 exf4 18. Nh3 Bf6 19. Nd5 Bxd5 20. exd5+ Kf8 21. Nxf4 Bxb2 22. Rab1 Be5 23. Nh5 h3 24. g3 Qc5+ 25. Kh1 Rxh5 26. Qxh5 Qxd5+ 27. Qf3 Qxf3+ 28. Rxf3 Nf6 29. Re1 Rc8 30. g4 Nxg4 31. Ref1 Nxh2 32. Rxh3 Rxc2 33. Bxc2 Nxf1 34. Kg2 Nd2 35. Rh8+ Ke7 36. Ra8 Nc4 37. a4 Ne3+ 38. Kf3 Nxc2 39. Rxa6 bxa4 40. Rxa4 Kf6 41. Ke4 Nd4 42. Ra6 Nxf5 43. Ra7 g5 44. Ra2 Ke6 45. Rf2 g4 46. Rxf5 d5+ 47. Ke3 Kxf5 48. Kf2 Kf4 49. Kg2 f5 50. Kf2 Ke4 51. Kg2 f4 52. Kf2 d4 53. Kg2 d3 54. Kf2 Bd4+ 55. Ke1 Ke3 56. Kd1 g3 57. Ke1 f3 58. Kf1 Ke4 59. Ke1 Be3 60. Kd1 g2 61. Ke1 g1=Q# 0-1


[Site "https://www.chess.com"]

[Event "Titled Tuesday Blitz May 9 Early 2023"]
[White "Yelisieiev, Yevhenii"]
[Black "Bashkansky, Ethan"]
[WhiteFideId "14139642"]
[BlackFideId "2071533"]
[WhiteElo "2403"]
[BlackElo "2348"]
[Result "1-0"]
[Round "04"]
[TimeControl "180+2"]
[Date "2023.05.09"]
[WhiteClock "0:00:16"]
[BlackClock "0:00:16"]

1. d4 f5 2. e4 fxe4 3. Nc3 Nf6 4. Bg5 c6 5. Bxf6 exf6 6. Nxe4 d5 7. Ng3 Bd6 8. Bd3 O-O 9. N1e2 Bg4 10. Qd2 Nd7 11. O-O-O a5 12. Rde1 a4 13. Nf4 Qc7 14. Nge2 Rfe8 15. f3 Be6 16. Nxe6 Rxe6 17. Kb1 Rae8 18. g3 b5 19. Nc1 Qd8 20. Bf5 Rxe1 21. Rxe1 Nf8 22. Nd3 Rxe1+ 23. Qxe1 Kf7 24. a3 Qe7 25. Qa5 g6 26. Bc8 Ne6 27. Bxe6+ Kxe6 28. Qb6 Qc7 29. Qa6 Kd7 30. Ka2 Qc8 31. Qb6 Qc7 32. Qa6 Qc8 33. Qa7+ Qc7 34. Nc5+ Bxc5 35. Qxc5 Qd6 36. Qb6 Qc7 37. Qa6 Qc8 38. Qa7+ Qc7 39. Qa8 Qc8 40. Qxc8+ Kxc8 41. b3 axb3+ 42. cxb3 Kc7 43. a4 bxa4 44. bxa4 Kb6 45. Ka3 c5 46. dxc5+ Kxc5 47. Kb3 d4 48. f4 f5 49. Kc2 Kb4 50. Kd3 Kxa4 51. Kxd4 Kb3 52. Ke5 Kc3 53. Kf6 Kd4 54. Kg7 Ke4 55. Kxh7 Kf3 56. Kxg6 Kg4 57. Kf6 Kh5 58. Kxf5 Kh6 59. g4 Kg7 60. g5 Kh7 61. Kf6 Kg8 62. Kg6 Kh8 63. Kh6 Kg8 64. f5 Kh8 65. g6 Kg8 66. g7 Kf7 67. Kh7 Kf6 68. g8=Q Ke5 69. Qg6 Kf4 70. f6 Ke5 71. f7 Kd4 72. f8=Q Ke3 73. Qg3+ Kd4 74. Qff4+ Kc5 75. Qgg5+ Kb6 76. Qff6+ Kc7 77. Qgg7+ Kc8 78. Qff8# 1-0


[Site "https://www.chess.com"]

[Event "Titled Tuesday Blitz May 9 Early 2023"]
[White "Mohammed, Zozek Salah Mohammed"]
[Black "KorolDimitriy75"]
[WhiteFideId "4803361"]
[WhiteElo "2211"]
[BlackElo "2458"]
[Result "1-0"]
[Round "04"]
[TimeControl "180+2"]
[Date "2023.05.09"]
[WhiteClock "0:01:17"]
[BlackClock "0:00:08"]

1. d4 Nf6 2. Nf3 g6 3. g3 Bg7 4. Bg2 O-O 5. O-O c5 6. dxc5 Na6 7. c3 Nxc5 8. b4 Nce4 9. Bb2 d5 10. Nbd2 Bf5 11. a3 Rc8 12. Rc1 Nd6 13. Nd4 Bd7 14. Qb3 e5 15. N4f3 Be6 16. Ng5 Bg4 17. Bxd5 Nxd5 18. Qxd5 Bxe2 19. Rfe1 Bg4 20. Nge4 Nxe4 21. Qxd8 Rfxd8 22. Nxe4 Bf5 23. c4 Bxe4 24. Rxe4 f5 25. Re2 e4 26. Bxg7 Kxg7 27. c5 Rd3 28. Ra2 Kf6 29. Kf1 Ke5 30. Ke2 Kd4 31. a4 Rc7 32. Rac2 Rb3 33. Rc4+ Ke5 34. b5 Rb2+ 35. Kf1 Rb3 36. c6 b6 37. Rd1 Ke6 38. Rcd4 Ra3 39. Rd6+ Ke5 40. R1d5# 1-0


[Site "https://www.chess.com"]

[Event "Titled Tuesday Blitz May 9 Early 2023"]
[White "Devaev, Alexander"]
[Black "Todorovic, Bojan"]
[WhiteFideId "4169395"]
[BlackFideId "917087"]
[WhiteElo "2172"]
[BlackElo "2266"]
[Result "1-0"]
[Round "04"]
[TimeControl "180+2"]
[Date "2023.05.09"]
[WhiteClock "0:00:48"]
[BlackClock "0:00:00"]

1. Nf3 g6 2. d4 Bg7 3. c4 d6 4. Nc3 Nf6 5. e4 O-O 6. h3 e5 7. d5 Na6 8. Bg5 h6 9. Be3 Nh5 10. Nh2 Nf4 11. Qd2 f5 12. g3 g5 13. h4 fxe4 14. hxg5 hxg5 15. Nxe4 Bf5 16. f3 Bxe4 17. fxe4 Ng6 18. Bxg5 Qd7 19. O-O-O Qa4 20. b3 Qa3+ 21. Kb1 Nb4 22. Bh3 Rae8 23. Be6+ Rxe6 24. dxe6 a5 25. e7 Re8 26. Qb2 Qxb2+ 27. Kxb2 Nc6 28. Ng4 Ncxe7 29. Bxe7 Nxe7 30. Ne3 1-0


[Site "https://www.chess.com"]

[Event "Titled Tuesday Blitz May 9 Early 2023"]
[White "Bochnicka, Vladimir"]
[Black "Zhou, Qiyu"]
[WhiteFideId "14943450"]
[BlackFideId "505161"]
[WhiteElo "2094"]
[BlackElo "2101"]
[Result "1-0"]
[Round "04"]
[TimeControl "180+2"]
[Date "2023.05.09"]
[WhiteClock "0:00:47"]
[BlackClock "0:00:42"]

1. e4 e5 2. Nf3 Nc6 3. Bc4 Bc5 4. c3 Nf6 5. d3 O-O 6. Nbd2 a6 7. O-O d6 8. Bb3 Be6 9. h3 h6 10. Re1 Nh7 11. Nf1 Qd7 12. Bc2 Ba7 13. Ng3 Ne7 14. d4 exd4 15. cxd4 c6 16. Qd3 Ng6 17. d5 cxd5 18. exd5 Bxh3 19. gxh3 Qxh3 20. Be3 Bxe3 21. Qxe3 Nf6 22. Bf5 Ng4 23. Qd4 N6e5 24. Rxe5 Nxe5 25. Qxe5 dxe5 26. Bxh3 f6 27. d6 Kf7 28. Rc1 Rfd8 29. Rc7+ Kf8 1-0


[Site "https://www.chess.com"]

[Event "Titled Tuesday Blitz May 9 Early 2023"]
[White "Gutkin, Ilya"]
[Black "Mayaud, Raphael"]
[WhiteFideId "16203470"]
[BlackFideId "627151"]
[WhiteElo "2265"]
[BlackElo "2191"]
[Result "1-0"]
[Round "04"]
[TimeControl "180+2"]
[Date "2023.05.09"]
[WhiteClock "0:00:08"]
[BlackClock "0:00:04"]

1. e4 d5 2. exd5 Qxd5 3. Nc3 Qa5 4. Nf3 c6 5. d4 Nf6 6. h3 Bf5 7. Bd3 Bxd3 8. Qxd3 Qa6 9. Qxa6 Nxa6 10. Bg5 Nb4 11. O-O-O e6 12. Bxf6 gxf6 13. a3 Nd5 14. Nxd5 cxd5 15. c3 Kd7 16. Ne1 h5 17. Nd3 Bd6 18. g4 Rag8 19. f3 Rh6 20. Kd2 Rgh8 21. Nf2 hxg4 22. hxg4 Rh2 23. Rxh2 Rxh2 24. Ke3 Bf4+ 25. Kxf4 Rxf2 26. Rb1 a5 27. Ke3 Rc2 28. a4 e5 29. Kd3 Rf2 30. Ke3 Rc2 31. Rd1 Ke6 32. Rd2 Rc1 33. Rh2 Ra1 34. Rh8 Rb1 35. Ra8 b6 36. Re8+ Kd7 37. Rb8 Rxb2 38. f4 e4 39. f5 Rc2 40. Rxb6 Rxc3+ 41. Ke2 Rc4 42. Rxf6 Rxd4 43. Rxf7+ Kd6 44. g5 Rxa4 45. g6 d4 46. g7 Ra2+ 47. Kd1 Rg2 48. f6 d3 49. Rf8 Rg1+ 50. Kd2 Rg2+ 51. Kc3 Rc2+ 52. Kb3 Rg2 53. g8=Q Rxg8 54. Rxg8 e3 55. Kc3 e2 56. Kd2 Ke6 57. Ra8 Kxf6 58. Rxa5 1-0


[Site "https://www.chess.com"]

[Event "Titled Tuesday Blitz May 9 Early 2023"]
[White "Benmesbah, Natacha"]
[Black "Shubenkova, Veronika"]
[WhiteFideId "642002"]
[BlackFideId "44124040"]
[WhiteElo "2263"]
[BlackElo "2060"]
[Result "0-1"]
[Round "04"]
[TimeControl "180+2"]
[Date "2023.05.09"]
[WhiteClock "0:00:45"]
[BlackClock "0:02:14"]

1. e4 e6 2. Qe2 d5 3. d3 d4 4. e5 c5 5. f4 Nc6 6. Nf3 Nge7 7. a4 Nd5 8. Na3 Be7 9. Nc4 b6 10. g3 Bb7 11. Bg2 O-O 12. O-O a6 13. g4 b5 14. Na3 Qb6 15. f5 c4 16. Ng5 Bxg5 17. Bxg5 Ne3 18. Bxe3 dxe3 19. dxc4 b4 20. c5 Qxc5 21. Nc4 Nd4 22. Qxe3 Bxg2 23. Kxg2 Qxc4 24. Rf4 Qxc2+ 25. Rf2 Qc6+ 26. Kh3 Nc2 27. Qg5 f6 28. Qd2 Nxa1 0-1


[Site "https://www.chess.com"]

[Event "Titled Tuesday Blitz May 9 Early 2023"]
[White "Goswami, Vedant"]
[Black "Rosenberg, Evan S"]
[WhiteFideId "5003725"]
[BlackFideId "2019299"]
[WhiteElo "2011"]
[BlackElo "2245"]
[Result "0-1"]
[Round "04"]
[TimeControl "180+2"]
[Date "2023.05.09"]
[WhiteClock "0:00:00"]
[BlackClock "0:00:12"]

1. b3 e5 2. Bb2 Nc6 3. e3 d5 4. Bb5 Ne7 5. Nf3 Bg4 6. h3 Bxf3 7. Qxf3 f6 8. O-O a6 9. Be2 Qd7 10. d3 O-O-O 11. Nd2 Kb8 12. a3 h5 13. c4 d4 14. b4 dxe3 15. fxe3 Ng6 16. Ne4 Be7 17. Rad1 Rdf8 18. d4 exd4 19. exd4 f5 20. Nc5 Bxc5 21. dxc5 Qe7 22. Kh1 Nce5 23. Qc3 f4 24. Bf3 Nxf3 25. Rxf3 Nh4 26. Qxg7 Qe2 27. Rdf1 Rhg8 28. R3f2 Qe4 0-1


[Site "https://www.chess.com"]

[Event "Titled Tuesday Blitz May 9 Early 2023"]
[White "Womacka, Mathias"]
[Black "Melikhov, Evgeny V."]
[WhiteFideId "4611390"]
[BlackFideId "4122046"]
[WhiteElo "2377"]
[BlackElo "2158"]
[Result "1/2-1/2"]
[Round "04"]
[TimeControl "180+2"]
[Date "2023.05.09"]
[WhiteClock "0:00:48"]
[BlackClock "0:01:03"]

1. e4 e5 2. Nf3 Nc6 3. Bb5 a6 4. Bxc6 dxc6 5. O-O f6 6. d4 exd4 7. Nxd4 c5 8. Ne2 Qxd1 9. Rxd1 Bd7 10. Nbc3 O-O-O 11. Be3 b6 12. a4 a5 13. Rd2 Be6 14. Rxd8+ Kxd8 15. Rd1+ Kc8 16. Nb5 g5 17. Nec3 Ne7 18. f3 Nc6 19. Bf2 Be7 20. Bg3 Ne5 21. Nd5 Bxd5 22. exd5 Bd6 23. Nxd6+ cxd6 24. Bxe5 fxe5 25. c4 Rf8 26. Re1 Rf4 27. b3 Rd4 28. Kf2 Rd2+ 29. Re2 Rd3 30. Re3 Rd2+ 31. Re2 Rd3 32. Re3 Rd2+ 33. Re2 1/2-1/2


[Site "https://www.chess.com"]

[Event "Titled Tuesday Blitz May 9 Early 2023"]
[White "Ramirez Vido, Robert Yorisan"]
[Black "Maung, Maung Kyaw Zaw Hein"]
[WhiteFideId "3513823"]
[BlackFideId "13001698"]
[WhiteElo "2433"]
[BlackElo "2019"]
[Result "0-1"]
[Round "04"]
[TimeControl "180+2"]
[Date "2023.05.09"]
[WhiteClock "0:00:00"]
[BlackClock "0:00:44"]

1. f4 d5 2. Nf3 Nf6 3. g3 c5 4. d3 Nc6 5. Bg2 Bf5 6. O-O e6 7. Ne5 Nxe5 8. fxe5 Nd7 9. c4 Nxe5 10. cxd5 Bd6 11. dxe6 Bxe6 12. Bxb7 Rb8 13. Bg2 O-O 14. Nc3 Re8 15. b3 Ng4 16. Bd2 Be5 17. Kh1 Bxc3 18. Bxc3 Ne3 19. Qd2 Nxf1 20. Rxf1 Bd5 21. e4 Be6 22. Qe3 h6 23. Qxc5 Qxd3 24. Qe5 f6 25. Qd4 Rbd8 26. Qxd3 Rxd3 27. Bb4 Rc8 28. Re1 Bg4 29. e5 fxe5 30. h3 Bf3 31. Rxe5 Rc1+ 32. Re1 Rdd1 33. Rxd1 Rxd1+ 34. Kh2 Bxg2 35. Kxg2 Ra1 36. a4 Rb1 37. Bc5 Rxb3 38. Bxa7 Ra3 39. Bc5 Rxa4 40. h4 g6 41. Be3 Kg7 42. Kh3 h5 43. Bf4 Kf6 44. Bg5+ Kf5 45. Bd8 Ra1 46. Bc7 Rd1 47. Bf4 Ke4 48. Bg5 Kf3 49. Kh2 Rd4 0-1


[Site "https://www.chess.com"]

[Event "Titled Tuesday Blitz May 9 Early 2023"]
[White "Deepak, Katiyar"]
[Black "Begunov, Konstantin"]
[WhiteFideId "5026792"]
[BlackFideId "4118510"]
[WhiteElo "2069"]
[BlackElo "2050"]
[Result "0-1"]
[Round "04"]
[TimeControl "180+2"]
[Date "2023.05.09"]
[WhiteClock "0:00:00"]
[BlackClock "0:00:15"]

1. d4 d5 2. Nf3 c6 3. g3 Bg4 4. Bg2 Nd7 5. O-O e6 6. Nbd2 f5 7. c3 Bd6 8. h3 Bh5 9. Re1 Ngf6 10. Nf1 O-O 11. Ng5 Qe7 12. Bf4 Bxf4 13. gxf4 Qd6 14. Qd2 h6 15. Nf3 Ne4 16. Qe3 Kh7 17. Ne5 Rg8 18. Ng3 Be8 19. c4 g5 20. c5 Qe7 21. Kh2 Nxe5 22. dxe5 Nxc5 23. Rac1 Ne4 24. Nxe4 fxe4 25. f3 gxf4 26. Qxf4 exf3 27. exf3 Bh5 28. Qe3 Raf8 29. f4 Qh4 30. Rg1 Bg6 31. Rcf1 Bf5 32. Qf2 Qxf2 33. Rxf2 c5 34. Bf3 Rxg1 35. Kxg1 Bb1 36. Bg4 Bf5 37. Bxf5+ Rxf5 38. Kg2 d4 39. Kg3 Rf7 40. Kf3 Kg6 41. Ke4 Kh5 0-1


[Site "https://www.chess.com"]

[Event "Titled Tuesday Blitz May 9 Early 2023"]
[White "Shukhman, Anna"]
[Black "Barria Santos, Jose Guilherme"]
[WhiteFideId "54180058"]
[BlackFideId "1939300"]
[WhiteElo "2235"]
[BlackElo "2266"]
[Result "1-0"]
[Round "04"]
[TimeControl "180+2"]
[Date "2023.05.09"]
[WhiteClock "0:00:51"]
[BlackClock "0:01:58"]

1. e4 c5 2. Nf3 d6 3. d4 cxd4 4. Nxd4 Nf6 5. Nc3 a6 6. Qd3 e5 7. Nf5 Be6 8. Bg5 h6 9. Bxf6 gxf6 10. O-O-O Bxf5 11. exf5 Nd7 12. Nd5 Rc8 13. f4 h5 14. Kb1 Nb6 15. Qb3 Nxd5 16. Rxd5 Qc7 17. Be2 Bh6 18. fxe5 fxe5 19. Bxh5 Bf4 20. g4 Ke7 21. Bxf7 Rxh2 22. Rxh2 Bxh2 23. Rd2 Rh8 24. Qe6+ Kf8 25. Bg6 Qe7 26. Rxd6 Qxe6 27. Rxe6 Bf4 28. a3 Rh1+ 29. Ka2 Rg1 30. f6 Rxg4 31. Re8# 1-0


[Site "https://www.chess.com"]

[Event "Titled Tuesday Blitz May 9 Early 2023"]
[White "ZeGood_ZeBad_ZeUgly"]
[Black "Panda Sambit"]
[BlackFideId "25091794"]
[WhiteElo "2204"]
[BlackElo "2272"]
[Result "0-1"]
[Round "04"]
[TimeControl "180+2"]
[Date "2023.05.09"]
[WhiteClock "0:00:30"]
[BlackClock "0:01:03"]

1. Nf3 d5 2. g3 b6 3. Bg2 Bb7 4. O-O Nd7 5. d3 e5 6. Nbd2 Ngf6 7. e4 dxe4 8. dxe4 Bd6 9. Re1 Nc5 10. Nh4 O-O 11. Nf5 g6 12. Nxd6 cxd6 13. c4 Rc8 14. b3 Nd3 15. Re3 Nxc1 16. Rxc1 Nd7 17. Nb1 Nc5 18. Nc3 f5 19. exf5 Bxg2 20. Kxg2 gxf5 21. Qd5+ Kh8 22. Rd1 Rf6 23. Nb5 f4 24. Rxe5 f3+ 25. Kg1 Qd7 26. Rh5 Re8 27. Nxd6 Rxd6 28. Rxh7+ Kxh7 29. Qh5+ Kg8 30. Qg5+ Qg7 0-1


[Site "https://www.chess.com"]

[Event "Titled Tuesday Blitz May 9 Early 2023"]
[White "Avazkhonov, Alikhon"]
[Black "rionelG"]
[WhiteFideId "14208504"]
[WhiteElo "1739"]
[BlackElo "2200"]
[Result "1-0"]
[Round "04"]
[TimeControl "180+2"]
[Date "2023.05.09"]
[WhiteClock "0:00:15"]
[BlackClock "0:00:08"]

1. d4 Nf6 2. c4 g6 3. Nc3 Bg7 4. e4 O-O 5. f3 d6 6. Be3 c5 7. Nge2 cxd4 8. Nxd4 Nc6 9. Be2 e6 10. Qd2 d5 11. cxd5 exd5 12. Bg5 dxe4 13. Nxc6 Qxd2+ 14. Kxd2 bxc6 15. fxe4 Re8 16. Bf3 Nd7 17. Kc2 Ne5 18. Rad1 Be6 19. Rd6 Rab8 20. b3 h6 21. Bf4 g5 22. Bg3 Red8 23. Rhd1 Rxd6 24. Rxd6 g4 25. Be2 h5 26. Na4 c5 27. Nxc5 Rc8 28. b4 Nd7 29. Ba6 Nxc5 30. Bxc8 Nxe4 31. Rd8+ Kh7 32. a4 Nxg3 33. Bxe6 fxe6 34. hxg3 Kg6 35. Rd7 Bd4 36. Rxa7 Bxa7 37. a5 Kf6 38. b5 Ke5 39. Kd3 Kd5 40. b6 Bb8 41. a6 Kc6 42. a7 Kb7 43. axb8=Q+ Kxb8 44. Kd4 Kb7 45. Ke5 Kxb6 46. Kxe6 Kc6 47. Kf5 Kd6 48. Kg5 Ke6 49. Kxh5 Kf6 50. Kxg4 Kg6 51. Kf4 Kh5 52. g4+ Kg6 53. g5 Kg7 54. Kf5 Kf7 55. g6+ Kg7 56. Kg5 1-0


[Site "https://www.chess.com"]

[Event "Titled Tuesday Blitz May 9 Early 2023"]
[White "Lakshmi C"]
[Black "Qiao, Cindy"]
[WhiteFideId "25035347"]
[BlackFideId "2620243"]
[WhiteElo "1942"]
[BlackElo "1777"]
[Result "0-1"]
[Round "04"]
[TimeControl "180+2"]
[Date "2023.05.09"]
[WhiteClock "0:00:00"]
[BlackClock "0:00:34"]

1. e4 c5 2. Nf3 d6 3. d4 cxd4 4. Nxd4 Nf6 5. Nc3 g6 6. Be2 Bg7 7. O-O Nc6 8. Be3 O-O 9. Nb3 Bd7 10. f4 Rc8 11. Bf3 a6 12. Nd5 Nxd5 13. exd5 Na5 14. Nxa5 Qxa5 15. c3 Qb5 16. Rf2 Bf5 17. Rd2 a5 18. Rc1 Qa6 19. Be2 b5 20. a4 Bd7 21. Qf1 Rb8 22. axb5 Bxb5 23. c4 Ba4 24. Ra1 Bd7 25. c5 Bb5 26. Bxb5 Rxb5 27. c6 e6 28. b4 a4 29. Rb1 exd5 30. Rxd5 Rfb8 31. Rxd6 Qc8 32. Qc4 Rf5 33. Rd7 Qe8 34. Bf2 Rc8 0-1


[Site "https://www.chess.com"]

[Event "Titled Tuesday Blitz May 9 Early 2023"]
[White "Putri, Regita Desyari"]
[Black "Rios Escobar, Adan"]
[WhiteFideId "7109083"]
[BlackFideId "3403645"]
[WhiteElo "1930"]
[BlackElo "2414"]
[Result "0-1"]
[Round "04"]
[TimeControl "180+2"]
[Date "2023.05.09"]
[WhiteClock "0:00:04"]
[BlackClock "0:00:08"]

1. e4 c5 2. Nf3 d6 3. d4 cxd4 4. Nxd4 Nf6 5. Nc3 a6 6. h3 e5 7. Nde2 h5 8. g3 Be6 9. Bg2 Be7 10. O-O Nbd7 11. a4 Rc8 12. Be3 Nb6 13. b3 d5 14. Bxb6 Qxb6 15. exd5 Bd7 16. Kh2 Qd6 17. Qd3 Bd8 18. Ne4 Nxe4 19. Bxe4 g6 20. c4 f5 21. Bg2 h4 22. f4 hxg3+ 23. Qxg3 Bh4 24. Qe3 Bf6 25. Rae1 Kd8 26. Kh1 g5 27. fxg5 f4 28. Qc3 Bxg5 29. Ng1 Bf6 30. Qd3 Kc7 31. Rb1 Kb8 32. b4 Rh5 33. c5 Qf8 34. c6 Bf5 35. Qe2 Bxb1 36. Qxh5 Bd3 37. Rd1 e4 38. cxb7 Rc2 39. d6 Qxd6 40. Qg6 Be5 41. Qe8+ Kxb7 42. b5 axb5 43. axb5 f3 44. Qf7+ Qc7 45. Bf1 Rh2# 0-1


[Site "https://www.chess.com"]

[Event "Titled Tuesday Blitz May 9 Early 2023"]
[White "Spaqi, Wilson"]
[Black "Kiseljova, Marya"]
[WhiteFideId "2053888"]
[BlackFideId "4155009"]
[WhiteElo "2410"]
[BlackElo "1831"]
[Result "1-0"]
[Round "04"]
[TimeControl "180+2"]
[Date "2023.05.09"]
[WhiteClock "0:01:39"]
[BlackClock "0:00:00"]

1. d4 Nf6 2. Bf4 d5 3. e3 c5 4. c3 Nc6 5. Nf3 e6 6. Bd3 Qb6 7. Qc1 Nh5 8. Be5 f6 9. Bg3 Nxg3 10. hxg3 h6 11. Bg6+ Kd8 12. Bd3 Bd7 13. O-O f5 14. Nbd2 c4 15. Bc2 Bd6 16. b3 cxb3 17. axb3 Ke7 18. c4 dxc4 19. bxc4 Qd8 20. c5 Bc7 21. Rb1 Rb8 22. Nc4 g5 23. Ba4 g4 24. Bxc6 Bxc6 25. Nfe5 Qd5 26. f3 gxf3 27. gxf3 Rbg8 28. Kf2 h5 29. Rh1 h4 30. Rxh4 Rxh4 31. gxh4 Bxe5 32. Nxe5 Qa2+ 33. Rb2 Qd5 34. Nxc6+ Qxc6 35. Qb1 b6 36. cxb6 Qd6 37. Ke2 Rg2+ 38. Kd3 Qa3+ 39. Rb3 Qa6+ 40. Rb5 Qa3+ 41. Qb3 1-0


[Site "https://www.chess.com"]

[Event "Titled Tuesday Blitz May 9 Early 2023"]
[White "Carrasco Miranda, Andres"]
[Black "Dahlgren, James Allen"]
[WhiteFideId "3405990"]
[BlackFideId "22256873"]
[WhiteElo "2183"]
[BlackElo "2180"]
[Result "0-1"]
[Round "04"]
[TimeControl "180+2"]
[Date "2023.05.09"]
[WhiteClock "0:00:30"]
[BlackClock "0:00:22"]

1. d4 e6 2. c4 c5 3. d5 exd5 4. cxd5 f5 5. Nc3 Nf6 6. Bg5 d6 7. e4 Be7 8. Bxf6 Bxf6 9. Bd3 f4 10. Nf3 O-O 11. Nd2 Nd7 12. Nc4 Ne5 13. Nxe5 Bxe5 14. g3 f3 15. a4 Bh3 16. Bf1 Bg2 17. Bxg2 fxg2 18. Rg1 Qf6 19. Rxg2 Bxc3+ 20. bxc3 Qxc3+ 21. Kf1 Rae8 22. Qc1 Qd3+ 23. Kg1 Rxe4 24. h3 Qxd5 25. a5 Re2 26. Rb1 h6 27. Rb2 Rxb2 28. Qxb2 c4 29. f4 Qxa5 30. Qxb7 d5 31. Qc6 Qb6+ 32. Qxb6 axb6 33. Rd2 Rd8 34. Kf2 d4 35. Rb2 Rd6 36. Ke2 Kf7 37. Rb5 d3+ 38. Kd2 c3+ 39. Kxc3 d2 0-1


[Site "https://www.chess.com"]

[Event "Titled Tuesday Blitz May 9 Early 2023"]
[White "Acikel, Mert"]
[Black "Llanos, Guillermo"]
[WhiteFideId "12956465"]
[BlackFideId "100358"]
[WhiteElo "2097"]
[BlackElo "2225"]
[Result "0-1"]
[Round "04"]
[TimeControl "180+2"]
[Date "2023.05.09"]
[WhiteClock "0:00:02"]
[BlackClock "0:00:58"]

1. e4 Nf6 2. e5 Nd5 3. d4 d6 4. c4 Nb6 5. exd6 cxd6 6. Nc3 g6 7. Be3 Bg7 8. Rc1 O-O 9. b3 Bf5 10. g4 Bd7 11. Bg2 Nc6 12. d5 Ne5 13. h3 f5 14. f4 Nf7 15. g5 Re8 16. Nf3 e5 17. dxe6 Rxe6 18. Kf2 Bc6 19. Bd4 Ne5 20. fxe5 dxe5 21. Bc5 e4 22. Qxd8+ Rxd8 23. Ne1 f4 24. Nb5 Rd2+ 25. Kg1 f3 26. Bf1 e3 27. Rh2 f2+ 0-1


[Site "https://www.chess.com"]

[Event "Titled Tuesday Blitz May 9 Early 2023"]
[White "De Souza, Cristiano Gomes"]
[Black "Ciuffoletti, Paolo"]
[WhiteFideId "2151758"]
[BlackFideId "807630"]
[WhiteElo "2068"]
[BlackElo "2143"]
[Result "1-0"]
[Round "04"]
[TimeControl "180+2"]
[Date "2023.05.09"]
[WhiteClock "0:00:53"]
[BlackClock "0:00:07"]

1. d4 d5 2. c4 c6 3. Nf3 Nf6 4. Nc3 dxc4 5. a4 e6 6. Bg5 Bb4 7. e4 Bxc3+ 8. bxc3 Qa5 9. Bxf6 Qxc3+ 10. Nd2 gxf6 11. Rc1 Qxd4 12. Rxc4 Qd6 13. Be2 O-O 14. Qc2 Nd7 15. O-O Ne5 16. Rc3 Kh8 17. f4 Ng6 18. g3 Rg8 19. Kh1 Bd7 20. Rd3 Qe7 21. Nc4 Rad8 22. Rfd1 Bc8 23. Bf3 b6 24. Ne3 Ba6 25. Rxd8 Rxd8 26. Rxd8+ Qxd8 27. Kg2 Qd4 28. Kf2 c5 29. h4 Bd3 30. Qd2 Bxe4 31. Qxd4 cxd4 32. Bxe4 dxe3+ 33. Kxe3 Kg7 34. Kd3 h6 35. Kc4 f5 36. Bb7 e5 37. fxe5 Nxe5+ 38. Kb5 Nd3 39. Ka6 f4 40. gxf4 Nxf4 41. Kxa7 Nd3 42. Kxb6 Kf6 43. a5 Nb4 44. Kb5 1-0


[Site "https://www.chess.com"]

[Event "Titled Tuesday Blitz May 9 Early 2023"]
[White "Chemin, Justo Reinaldo"]
[Black "Vaglio Munoz, Jaime"]
[WhiteFideId "2101580"]
[BlackFideId "6500145"]
[WhiteElo "1940"]
[BlackElo "2199"]
[Result "1-0"]
[Round "04"]
[TimeControl "180+2"]
[Date "2023.05.09"]
[WhiteClock "0:00:03"]
[BlackClock "0:00:38"]

1. d4 c6 2. e4 d5 3. exd5 Qxd5 4. Nf3 Bg4 5. Be2 e6 6. O-O Nd7 7. c4 Qa5 8. Nc3 Ngf6 9. a3 Rd8 10. Be3 Qc7 11. b4 Bd6 12. h3 Bxf3 13. Bxf3 Bf4 14. Qe2 O-O 15. Rad1 Rfe8 16. Rfe1 h6 17. g3 Bxe3 18. Qxe3 e5 19. d5 cxd5 20. Nxd5 Qxc4 21. Nxf6+ Nxf6 22. Bxb7 e4 23. Rxd8 Rxd8 24. Qxa7 Qc3 25. Re3 Qc1+ 26. Kg2 Qc2 27. Qc5 Qb1 28. Qc3 Rd1 29. Bxe4 Nxe4 30. Qc8+ Kh7 31. Qf5+ g6 32. Qxf7+ Kh8 33. Qe8+ Kg7 34. Qxe4 Rh1 35. Qe5+ Kf7 36. Qe6+ Kf8 37. Qe7+ Kg8 38. Qd8+ Kf7 39. Re7+ Kf6 40. Re1+ Kf5 41. Rxb1 Rxb1 42. Qf8+ Ke6 43. Qxh6 Kf6 44. Qf4+ Kg7 45. Qe5+ Kh6 46. b5 Rb3 47. a4 g5 48. a5 g4 49. hxg4 Rb1 50. b6 Kg6 51. a6 Rxb6 52. a7 Ra6 53. Qe4+ Kg5 54. a8=Q Re6 55. Qf4+ Kg6 56. Qg8# 1-0


[Site "https://www.chess.com"]

[Event "Titled Tuesday Blitz May 9 Early 2023"]
[White "Nastase, Robert-Paul"]
[Black "Larina, Maria"]
[WhiteFideId "1221175"]
[BlackFideId "24113182"]
[WhiteElo "2175"]
[BlackElo "1848"]
[Result "1/2-1/2"]
[Round "04"]
[TimeControl "180+2"]
[Date "2023.05.09"]
[WhiteClock "0:02:44"]
[BlackClock "0:02:44"]

1. e4 c6 2. c4 d5 3. exd5 cxd5 4. cxd5 Nf6 5. Nc3 Nxd5 6. Nf3 Nc6 7. Bc4 Nb6 8. Bb3 Bf5 9. O-O e6 10. d4 Be7 11. d5 exd5 12. Nxd5 Nxd5 13. Qxd5 Qxd5 14. Bxd5 O-O 1/2-1/2


[Site "https://www.chess.com"]

[Event "Titled Tuesday Blitz May 9 Early 2023"]
[White "KSho99"]
[Black "Ankudinova, Yelena"]
[BlackFideId "13702114"]
[WhiteElo "2151"]
[BlackElo "1937"]
[Result "1-0"]
[Round "04"]
[TimeControl "180+2"]
[Date "2023.05.09"]
[WhiteClock "0:00:03"]
[BlackClock "0:00:00"]

1. Nf3 Nf6 2. d4 d5 3. e3 e6 4. Bd3 Bd6 5. Nbd2 Nbd7 6. b3 b6 7. Bb2 Bb7 8. O-O O-O 9. Ne5 Ne8 10. f4 f6 11. Qh5 f5 12. Rf3 Nef6 13. Qh4 Bxe5 14. fxe5 Ne4 15. Qxd8 Raxd8 16. Rd1 h6 17. Rff1 Kh7 18. Nxe4 fxe4 19. Be2 Nb8 20. Bg4 Bc8 21. Ba3 Rxf1+ 22. Rxf1 Kg8 23. c4 c6 24. Bd6 Na6 25. Bh5 Bd7 26. Rf7 c5 27. cxd5 exd5 28. Re7 Nb4 29. dxc5 bxc5 30. Bxc5 Nxa2 31. Bf7+ Kh7 32. Bxd5 Bf5 33. Bd6 Nc3 34. Bc4 Nd1 35. Rxa7 Nxe3 36. Kf2 Ng4+ 37. Kg3 Re8 38. b4 Nxe5 39. Bxe5 Rxe5 40. Kf4 1-0


[Site "https://www.chess.com"]

[Event "Titled Tuesday Blitz May 9 Early 2023"]
[White "Alhadad, Mahmoud"]
[Black "Tuleyeva-Aketayeva, Dana"]
[WhiteFideId "11501863"]
[BlackFideId "13701932"]
[WhiteElo "1955"]
[BlackElo "2030"]
[Result "0-1"]
[Round "04"]
[TimeControl "180+2"]
[Date "2023.05.09"]
[WhiteClock "0:00:00"]
[BlackClock "0:01:46"]

1. e4 c5 2. Nc3 Nc6 3. Bb5 g6 4. Bxc6 dxc6 5. d3 Bg7 6. f4 Nf6 7. Nf3 Bg4 8. O-O O-O 9. Qe1 c4 10. h3 Bxf3 11. Rxf3 cxd3 12. Rxd3 Qb6+ 13. Kh1 Rad8 14. Qe3 Rxd3 15. Qxb6 Rxh3+ 16. gxh3 axb6 17. Be3 b5 18. e5 Nd5 19. Nxd5 cxd5 20. Bc5 Rc8 21. b4 e6 22. c3 Bf8 23. Bxf8 Kxf8 24. Rc1 Rc4 25. Kg2 Rxf4 26. Ra1 Rc4 27. a4 bxa4 28. Rxa4 Rxc3 29. Ra8+ Kg7 30. Rb8 Rc7 31. b5 f6 32. b6 Rd7 33. exf6+ Kxf6 34. Rc8 Ke7 35. Rh8 Kd6 36. Kf3 Kc6 0-1


[Site "https://www.chess.com"]